 Dungeon Crawl Stone Soup version 0.28-a0-175-gb2089b6bb7 (webtiles) character file.

Game seed: 7227316592319400343

66 robb4 the Skirmisher (level 4, -2/40 HPs)
             Began as a Hill Orc Berserker on Aug 17, 2021.
             Was a Follower of Trog.
             Slain by a gnoll (6 damage)
             ... on level 2 of the Dungeon.
             The game lasted 00:18:11 (2380 turns).

robb4 the Skirmisher (Hill Orc Berserker)           Turns: 2380, Time: 00:18:12

Health: -2/40      AC:  9    Str: 20    XL:     4   Next: 15%
Magic:  4/4        EV:  3    Int:  7    God:    Trog [*.....]
Gold:   95         SH:  9    Dex: 10    Spells: 3/3 levels left

rFire   . . .      SeeInvis .   a - +0 falchion
rCold   . . .      Faith    .   m - +0 tower shield
rNeg    . . .      Spirit   .   k - +0 chain mail
rPois   .          Reflect  .   (no helmet)
rElec   .          Harm     .   (no cloak)
rCorr   .          Rampage  .   (no gloves)
Will    .....                   (no boots)
Stlth   ..........              (no amulet)
HPRegen 0.13/turn               (no ring)
MPRegen 0.09/turn               (no ring)

@: no status effects
A: no striking features
a: Renounce Religion, Berserk


You were on level 2 of the Dungeon.
You worshipped Trog.
Trog was aware of your devotion.
You visited 1 branch of the dungeon, and saw 2 of its levels.

You collected 95 gold pieces.

Inventory:

Hand Weapons
 a - a +0 falchion (weapon)
 l - a +0 dagger
 p - a +0 mace
 r - a +0 whip
Missiles
 n - 7 poisoned darts (quivered)
 o - 21 stones
Armour
 b - a +0 animal skin
 f - a +0 ring mail
 h - a +0 robe
 k - a +0 chain mail (worn)
 m - a +0 tower shield (worn)
Magical Staves
 c - a staff of poison
Scrolls
 e - a scroll of vulnerability {unknown}
 j - a scroll of identify {unknown}
 q - a scroll of magic mapping {unknown}
Potions
 d - a potion of heal wounds {unknown}
 g - a potion of cancellation {unknown}
 i - a potion of flight {unknown}


   Skills:
 + Level 4.3 Fighting
 + Level 4.0 Long Blades
 + Level 3.3 Armour
 + Level 1.7 Dodging


You had 3 spell levels left.
You didn't know any spells.
Your spell library contained the following spells:

 Spells                   Type           Power      Damage    Failure   Level
 Shock                    Conj/Air       0%         1d3       100%        1
 Passwall                 Tmut/Erth      0%         N/A       100%        2
 Searing Ray              Conj           0%         3d3       100%        2
 Dazzling Flash           Conj/Hex       0%         N/A       100%        3
 Swiftness                Air            0%         N/A       100%        3
 Airstrike                Air            0%         N/A       100%        4
 Sticky Flame             Conj/Fire      0%         2d3       100%        4
 Agony                    Necr           0%         N/A       100%        5
 Fireball                 Conj/Fire      0%         3d3       100%        5
 Silence                  Hex/Air        0%         N/A       100%        5
 Invisibility             Hex            0%         N/A       100%        6


Dungeon Overview and Level Annotations

Branches:
Dungeon (2/15)

Altars:


Message History

The worm is heavily wounded.
The worm bites you but does no damage.
You barely miss the worm.
The worm is heavily wounded.
The worm bites you but does no damage.
You slash the worm!
The worm is severely wounded.
The worm bites you!
Your shield prevents you from hitting the worm.
The worm is severely wounded.
The worm bites you but does no damage.
You hit the worm.
The worm is severely wounded.
The worm bites you.
You hit the worm.
The worm is almost dead.
The worm bites you!
You hit the worm.
The worm is almost dead.
The worm completely misses you.
You hit the worm.
You kill the worm!
Trog accepts your kill.
You see here a worm corpse.
A gnoll is nearby!
The gnoll shouts!
You see here a worm corpse.
You block the gnoll's attack.
You closely miss the gnoll. You block the gnoll's attack.
The gnoll hits you but does no damage.
You hit the gnoll but do no damage. You block the gnoll's attack.
You hit the gnoll but do no damage.
The gnoll hits you with a +0 halberd. x2
* * * LOW HITPOINT WARNING * * *
Your shield and chain mail prevent you from hitting the gnoll.
The gnoll hits you with a +0 halberd.
* * * LOW HITPOINT WARNING * * *
The gnoll hits you with a +0 halberd.
* * * LOW HITPOINT WARNING * * *
The gnoll hits you from afar with a +0 halberd.
You die...

#......# #.# ##
#####......###############.#####.
......>.....................#....
.####......#######..........#.##.
.# #......# #............##. .#
##.###########.#######..####. .#
#........)..................
.######......###############.####
.....<........g.@................
#######......#)..############.###
#......#.......# #..#
#......#.......# ##)#
#..>...#.......# #.##
#......#.......#########..#
#......#.......#...........
#......#.......#...........
#......#.......#...........


You could see a gnoll.

Vanquished Creatures
  An adder (D:2)
  A gnoll (D:2)
  2 worms (D:2)
  3 endoplasms
  A giant cockroach (D:2)
  6 goblins
  6 hobgoblins
  2 quokkas (D:1)
  6 ball pythons
  6 bats
  2 frilled lizards (D:1)
  5 rats
41 creatures vanquished.

Vanquished Creatures (others)
  6 plants (D:1)
6 creatures vanquished.

Grand Total: 47 creatures vanquished

Notes
Turn   | Place    | Note
-------+----------+-------------------------------------------
     0 | D:1      | robb4 the Hill Orc Berserker began the quest for the Orb.
     0 | D:1      | Reached XP level 1. HP: 19/19 MP: 1/1
    38 | D:1      | Found a faded altar of an unknown god.
   187 | D:1      | Got Souxaapn's Handbook of Confrontation and Weightlessness
   260 | D:1      | Reached XP level 2. HP: 26/27 MP: 2/2
   977 | D:1      | Reached XP level 3. HP: 33/33 MP: 3/3
  2131 | D:2      | Reached XP level 4. HP: 31/40 MP: 4/4
  2380 | D:2      | Slain by a gnoll

Illustrated notes

Levels and vault maps discovered:
D:1:      mrwooster_arrival_statue, layout_loops_ring, basic_ecumenical_altar,
          hangedman_glass_teeth, serial_bayou_lagoon_b
D:2:      layout_basic

Skill      XL: |  1  2  3 |
---------------+----------+-----
Fighting       | 4 |  4.3
Armour         | 3 |  3.3
Long Blades    | 4 |  4.0
Dodging        | |  1.7

Action                   |  1- 3 |  4- 6 || total
-------------------------+-------+-------++-------
Melee: Falchion          |   128 |    21 ||   149
Armor: Animal skin       |     1 |       ||     1
       Ring mail         |    13 |       ||    13
       Chain mail        |    42 |     7 ||    49
Dodge: Dodged            |    56 |     6 ||    62
Block: Tower shield      |       |     6 ||     6
       Rpst.: Falchion   |    21 |     2 ||    23

Table legend: (Time is in decaauts)
 A = Elapsed time spent in this place.
 B = Non-inter-level travel time spent in this place.
 C = Inter-level travel time spent in this place.
 D = Time resting spent in this place.
 E = Time spent auto-exploring this place.
 F = Levels seen in this place.
 G = Mean time per level.
                   A        B        C        D        E       F      G
               +--------+--------+--------+--------+--------+-----+--------+
         Total |   2441 |   2402 |     39 |      0 |   1534 |   2 | 1220.5 |
       Dungeon |   2441 |   2402 |     39 |      0 |   1534 |   2 | 1220.5 |
               +--------+--------+--------+--------+--------+-----+--------+

Top non-repeatable levels by time:
     D:1: 1716 daAuts
     D:2: 725 daAuts
